 Dungeon Crawl Stone Soup version 0.23.0 (webtiles) character file.

Game seed: 18089889290235268797

1 MalarOregon the Caller (level 1, -3/14 HPs)
             Began as a Merfolk Summoner on Feb 15, 2019.
             Slain by a hobgoblin
             ... wielding a +0 club
              (5 damage)
             ... on level 1 of the Dungeon.
             The game lasted 00:00:26 (323 turns).

MalarOregon the Caller (Merfolk Summoner)            Turns: 323, Time: 00:00:27

Health: -3/14      AC:  2    Str:  8    XL:     1   Next: 20%
Magic:  1/3        EV: 13    Int: 14    God:
Gold:   0          SH:  0    Dex: 14    Spells: 3/4 levels left

rFire    . . .     SeeInvis .   b - +0 club
rCold    . . .     Gourm    .   (no shield)
rNeg     . . .     Faith    .   a - +0 robe
rPois    .         Spirit   .   (no helmet)
rElec    .         Reflect  .   (no cloak)
rCorr    .         Harm     .   (no gloves)
MR       .....                  (no boots)
Stlth    ++........             (no amulet)
HPRegen  0.04/turn              (no ring)
MPRegen  0.08/turn              (no ring)

@: no status effects
A: change form in water, swift swim, stealthy swim
a: no special abilities


You were on level 1 of the Dungeon.
You were not hungry.

You visited 1 branch of the dungeon, and saw 1 of its levels.

Inventory:

Hand Weapons
 b - a +0 club (weapon)
   (You took it off a hobgoblin on level 1 of the Dungeon)
Armour
 a - a +0 robe (worn)
Comestibles
 e - a ration {!d}


   Skills:
 + Level 0.4 Fighting
 - Level 2.6 Dodging
 - Level 2.1 Stealth
 - Level 2.0 Spellcasting
 - Level 4.0 Summonings


You had 3 spell levels left.
You knew the following spells:

 Your Spells              Type           Power        Failure   Level  Hunger
a - Summon Small Mammal   Summ           ##..         4%          1    ##.....

Your spell library contained the following spells:

 Spells                   Type           Power        Failure   Level  Hunger
 Call Imp                 Summ           ##......     7%          2    ###....
 Call Canine Familiar     Summ           ##......     14%         3    ####...
 Summon Guardian Golem    Hex/Summ       #.......     30%         3    ####...
 Summon Ice Beast         Ice/Summ       #.......     71%         4    #####..
 Summon Lightning Spire   Summ/Air       #.......     71%         4    #####..


Dungeon Overview and Level Annotations

Branches:
Dungeon (1/15)

Altars:


Message History

The hobgoblin closely misses you.
Your rat bites the hobgoblin.
You barely miss the hobgoblin.
Your bat hits the hobgoblin but does no damage. x2
The hobgoblin closely misses your bat.
Your rat misses the hobgoblin.
Unknown command.
You hit the hobgoblin. Your bat misses the hobgoblin.
Your bat hits the hobgoblin.
The hobgoblin dies!
You see here a +0 club.
You start resting.
You start resting.
Your bat disappears in a puff of smoke!
Your rat disappears in a puff of smoke!
All of the chunks of flesh in your inventory have rotted away.
b - a +0 club Wield which item (- for none, * to show all)? (? for menu, Esc to quit)
b - a +0 club (weapon)
Unknown command.
Found a stone staircase leading down.
Found 7 gold pieces.
A hobgoblin comes into view. It is wielding a +0 club.
A hobgoblin is nearby!
A hobgoblin is nearby!
The helpless hobgoblin fails to defend itself.
You hit the hobgoblin. The hobgoblin barely misses you.
You barely miss the hobgoblin. The hobgoblin barely misses you.
You hit the hobgoblin but do no damage. The hobgoblin hits you with a +0 club.
The hobgoblin barely misses you.
You barely miss the hobgoblin. The hobgoblin barely misses you.
You hit the hobgoblin. The hobgoblin hits you with a +0 club.
You closely miss the hobgoblin. The hobgoblin misses you.
You closely miss the hobgoblin. The hobgoblin barely misses you.
The hobgoblin hits you with a +0 club.
* * * LOW HITPOINT WARNING * * *
The hobgoblin hits you with a +0 club.
* * * LOW HITPOINT WARNING * * *
Your rat barely misses the hobgoblin.
A jackal comes into view.
Your quokka closely misses the hobgoblin.
The jackal moves out of view.
Unknown command.
You closely miss the hobgoblin.
Your quokka barely misses the hobgoblin.
The hobgoblin hits you with a +0 club.
* * * LOW HITPOINT WARNING * * *
Your rat bites the hobgoblin but does no damage.
Your quokka bites the hobgoblin but does no damage.
Your quokka barely misses the hobgoblin.
The hobgoblin hits you with a +0 club.
You die...

#>.#.#.# #..#..$#
.#####..#...#
........r...#
######..##.##
........# .#
#######r# .# #.g.# .#
#@### .# #.# .# # #.#
#.#########.####.#
#................#
#.##.....#####.######
#.######.# #.# #.#
#.# #.# #.# #.## #.#


You could see a hobgoblin and a friendly rat.

Vanquished Creatures (collateral kills)
  A hobgoblin (D:1)
  A rat (D:1)
2 creatures vanquished.

Notes
Turn   | Place    | Note
-------+----------+-------------------------------------------
     0 | D:1      | MalarOregon the Merfolk Summoner began the quest for the
                  | Orb.
     0 | D:1      | Reached XP level 1. HP: 13/13 MP: 3/3
     2 | D:1      | Noticed a troll
     2 | D:1      | Noticed a tengu
     4 | D:1      | Noticed a vampire
     6 | D:1      | Noticed a naga
     8 | D:1      | Noticed an elf
     8 | D:1      | Noticed a ghoul
    10 | D:1      | Noticed a vine stalker
    10 | D:1      | Noticed a draconian
    12 | D:1      | Noticed an octopode
    12 | D:1      | Noticed a demonspawn
    14 | D:1      | Noticed a formicid
    14 | D:1      | Noticed a merfolk
    16 | D:1      | Noticed a halfling
    18 | D:1      | Noticed a gargoyle
    18 | D:1      | Noticed a centaur
    20 | D:1      | Noticed a minotaur
    20 | D:1      | Noticed an ogre
    22 | D:1      | Noticed a spriggan
    22 | D:1      | Noticed a demigod
    24 | D:1      | Noticed a dwarf
    26 | D:1      | Noticed a human
    26 | D:1      | Noticed a felid
   323 | D:1      | Slain by a hobgoblin

Action                   || total
-------------------------++-------
Melee: Club              ||     8
       Unarmed           ||     7
 Cast: Summon Small Mamm ||     6
 Stab: Sleeping          ||     1
Dodge: Dodged            ||     9
